Map: Washout LE

Players

SpearOfAdun

  • Race: Terran Terran
  • League: Master

A.I. 2 (Elite)

  • Race: Terran Terran

VOD

Have the link to the VOD?

Description

Time

  • Played on: Oct. 15, 2026, 2:34 p.m.
  • Length: 9:06
Show
View Real Time Build Order
Export as new Build Order

SpearOfAdun Terran 

Build Orders: Reaper Expand, Mech 

Get SALT Encoding   

  12  0:00  SCV  
  13  0:12  SCV  
  14  0:17  Supply Depot  
  14  0:24  SCV  
  15  0:38  SCV  
  15  0:41  Barracks  
  16  0:46  Refinery  
  16  0:50  SCV  
  17  1:03  SCV  
  18  1:15  SCV  
  19  1:29  Reaper  
  19  1:30  Orbital Command  
  20  1:40  Command Center  
  20  1:51  Supply Depot  
  20  1:55  SCV  
  21  2:03  Marine  
  21  2:07  SCV  
  23  2:10  Factory  
  23  2:16  Refinery  
  23  2:19  SCV  
  23  2:21  Marine  
  25  2:24  Bunker  
  25  2:32  SCV  
  26  2:39  Marine  
  26  2:44  SCV  
  28  2:52  Orbital Command  
  28  2:57  Hellion  
  30  2:59  Starport, Barracks Reactor  
  30  3:01  SCV  
  31  3:14  Refinery  
  31  3:16  SCV  
  31  3:18  SCV  
  33  3:20  Factory Tech Lab  
  33  3:28  SCV  
  33  3:30  SCV  
  35  3:36  Marine x2, Starport Tech Lab  
  35  3:39  Cyclone  
  35  3:40  SCV  
  41  3:42  SCV  
  41  3:43  Supply Depot  
  42  3:53  SCV  
  42  3:54  Marine x2, SCV  
  46  3:59  Refinery, Interference Matrix  
  46  4:02  Supply Depot  
  46  4:05  SCV, Raven  
  46  4:08  SCV  
  50  4:10  Supply Depot  
  50  4:15  Siege Tank  
  53  4:17  SCV  
  54  4:24  SCV  
  54  4:27  Supply Depot  
  54  4:29  SCV  
  56  4:36  SCV  
  57  4:39  Raven  
  57  4:41  SCV  
  60  4:48  SCV, Siege Tank  
  64  4:53  SCV  
  64  4:55  Factory  
  65  5:00  SCV, Barracks Reactor  
  65  5:02  Factory  
  65  5:05  SCV  
  65  5:06  Supply Depot  
  67  5:12  SCV  
  68  5:24  Siege Tank  
  68  5:28  SCV  
  72  5:29  Supply Depot  
  72  5:30  Supply Depot  
  72  5:32  SCV  
  72  5:35  Viking x2  
  77  5:45  Factory  
  77  5:47  Barracks Reactor, Hellion x2  
  77  5:48  SCV  
  77  5:49  SCV  
  83  5:54  Siege Tank  
  83  5:56  Supply Depot  
  86  5:57  Engineering Bay  
  86  5:58  Supply Depot  
  86  6:01  SCV  
  86  6:02  SCV  
  88  6:07  Viking x2  
  88  6:08  Hellion x2  
  96  6:20  Siege Tank  
  96  6:21  Supply Depot  
  96  6:23  Supply Depot  
  99  6:28  Siege Tank  
  99  6:30  Hellion  
  104  6:34  Missile Turret  
  104  6:35  Missile Turret  
  104  6:39  Viking  
  106  6:40  Hellion  
  108  6:50  Armory  
  108  6:51  Hellion  
  108  6:53  Siege Tank, Hellion x2  
  117  7:02  Hellion  
  117  7:03  Hellion  
  117  7:06  Viking  
  123  7:12  Hellion  
  123  7:15  Hellion  
  121  7:29  Siege Tank x2  
  115  7:30  Hellion x2, Viking  
  115  7:34  Hellion  
  123  7:41  Viking  
  125  7:46  Supply Depot  
  125  7:52  Hellion x3  
  125  7:55  Hellion  
  133  8:08  Siege Tank  
  133  8:10  Viking  
  133  8:11  Viking, Supply Depot  
  140  8:16  Supply Depot  
  140  8:22  Hellion  
  142  8:33  Siege Tank, Hellion x2  
  149  8:38  Hellion  
  154  8:43  Hellion  
  158  8:53  Supply Depot  
  158  8:54  Supply Depot  
Show
View Real Time Build Order
Export as new Build Order

A.I. 2 (Elite) Terran 

Build Orders: Mech 

Get SALT Encoding   

  12  0:00  SCV  
  13  0:13  SCV  
  14  0:18  Supply Depot  
  14  0:25  SCV  
  15  0:29  Refinery  
  15  0:39  SCV  
  16  0:46  Barracks  
  16  0:52  SCV  
  17  1:04  SCV  
  18  1:06  Supply Depot  
  18  1:16  SCV  
  19  1:28  SCV  
  20  1:35  Factory, Marine  
  21  1:42  SCV  
  21  1:43  Barracks  
  22  1:53  Marine  
  23  1:54  SCV  
  23  1:59  Supply Depot  
  24  2:06  SCV  
  25  2:11  Marine  
  26  2:18  SCV  
  26  2:19  Factory Tech Lab  
  27  2:29  Marine  
  28  2:30  SCV, Marine  
  30  2:39  Siege Tank  
  30  2:42  SCV  
  34  2:56  Command Center  
  34  3:05  Orbital Command  
  34  3:11  Refinery  
  34  3:29  Marine  
  34  3:30  Factory  
  34  3:32  Marine  
  36  3:35  SCV  
  37  3:48  SCV  
  38  4:00  SCV  
  38  4:02  Supply Depot  
  39  4:08  SCV  
  40  4:12  SCV  
  40  4:13  Factory Tech Lab  
  41  4:17  Siege Tank  
  41  4:20  SCV  
  46  4:24  SCV  
  46  4:32  Siege Tank, SCV  
  46  4:34  Marine, Supply Depot  
  46  4:36  SCV  
  52  4:44  Supply Depot, SCV  
  53  4:48  SCV  
  53  4:50  Siege Tank  
  57  4:56  SCV  
  57  4:59  Supply Depot  
  58  5:00  SCV  
  58  5:04  Hellion  
  58  5:05  Refinery  
  61  5:08  SCV  
  61  5:12  Refinery, Barracks Tech Lab, SCV  
  63  5:21  SCV  
  64  5:23  Hellion  
  64  5:24  SCV  
  64  5:26  Hellion  
  64  5:27  Armory  
  69  5:32  Marauder  
  69  5:33  SCV  
  72  5:36  SCV, Command Center  
  73  5:44  Hellion  
  73  5:49  SCV  
  76  5:51  SCV  
  76  5:56  Supply Depot  
  77  5:59  Marauder  
  77  6:01  SCV  
  77  6:03  SCV  
  81  6:08  Armory  
  81  6:12  Factory  
  81  6:13  SCV  
  81  6:15  SCV  
  81  6:17  Terran Vehicle Weapons Level 1  
  83  6:18  Siege Tank  
  83  6:20  Marauder  
  83  6:23  Supply Depot  
  83  6:25  SCV  
  89  6:26  Siege Tank  
  89  6:31  Infernal Pre-Igniter  
  92  6:40  Orbital Command  
  92  6:44  Marine  
  92  6:47  Engineering Bay  
  93  6:49  SCV  
  93  6:50  SCV  
  93  6:51  Hellion, Supply Depot  
  97  7:01  Engineering Bay, SCV  
  97  7:02  SCV  
  97  7:06  SCV, Terran Vehicle And Ship Armor Level 1  
  100  7:10  Hellion  
  100  7:11  Marine  
  100  7:13  SCV, Marauder  
  100  7:14  Missile Turret  
  106  7:16  SCV  
  106  7:18  SCV  
  100  7:25  SCV  
  100  7:29  Marine  
  77  7:30  Hellion, SCV  
  77  7:34  Marine  
  77  7:36  Siege Tank  
  70  7:41  SCV  
  63  7:46  Marine  
  64  7:51  Siege Tank  
  64  7:53  Marauder, SCV  
  64  7:54  SCV, Hellion  
  72  8:04  Marine  
  72  8:05  SCV  
  72  8:07  SCV  
  72  8:08  Siege Tank  
  77  8:13  Marine  
  77  8:16  Hellion  
  77  8:17  SCV  
  78  8:22  Marine  
  78  8:23  Siege Tank  
  75  8:31  Marine  
  63  8:40  Marine  
Tags
 
Composition
MechMech
League
Master
Matchup
TvT
Race
Terran
Add a new tag
Caveats
  • Supply blocks, unpowered buildings, or Contaminate may cause inaccurate times.
  • Supply counts are checked every 10 seconds.